 Dungeon Crawl Stone Soup version 0.29.0-11-gd7f09526c8 (webtiles) character file.

Game seed: 656076049842992843

35 sanka the Vexing (level 3, 0/30 HPs)
             Began as a Demigod Arcane Marksman on Sept 5, 2022.
             Slain by a worm (9 damage)
             ... on level 2 of the Dungeon.
             The game lasted 00:02:16 (1639 turns).

sanka the Vexing (Demigod Arcane Marksman)          Turns: 1639, Time: 00:02:16

Health: 0/30       AC:  2    Str: 11    XL:     3   Next: 2%
Magic:  6/6        EV: 12    Int: 19    God:
Gold:   127        SH:  0    Dex: 14    Spells: 3/4 levels left

rFire   . . .      SeeInvis .   a - +1 sling
rCold   . . .      Faith    .   (no shield)
rNeg    . . .      Spirit   .   c - +0 robe
rPois   .          Reflect  .   (no helmet)
rElec   .          Harm     .   (no cloak)
rCorr   .          Rampage  .   (no gloves)
Will    .....                   (no boots)
Stlth   +.........              k - amulet of the acrobat
HPRegen 0.10/turn               (no ring)
MPRegen 0.10/turn               (no ring)

@: no status effects
A: high MP 1, forlorn, divine attributes
a: no special abilities


You were on level 2 of the Dungeon.
You visited 1 branch of the dungeon, and saw 2 of its levels.

You collected 127 gold pieces.


Innate Abilities, Weirdness & Mutations

You have an increased reservoir of magic. (+10% MP)
You shall have no god before yourself.
Your divine heritage dramatically boosts your attributes as you level up.


   Skills:
 + Level 2.3 Fighting
 - Level 2.0 Ranged Weapons
 + Level 2.2 Dodging
 - Level 1.0 Spellcasting
 - Level 2.6 Hexes


You had 3 spell levels left.
You knew the following spells:

 Your Spells              Type           Power      Damage    Failure   Level
z - Slow                  Hex            44%        N/A       6%          1

Your spell library contained the following spells:

 Spells                   Type           Power      Damage    Failure   Level
 Inner Flame              Hex/Fire       6%         N/A       32%         3
 Portal Projectile        Hex/Tloc       12%        N/A       32%         3
 Cause Fear               Hex            5%         N/A       52%         4

Inventory:

Hand Weapons
 a - a +1 sling (weapon)
 b - a +0 morningstar
 m - a +0 hand axe
Armour
 c - a +0 robe (worn)
 i - an orb of wrath
Jewellery
 k - an amulet of the acrobat (around neck)
Scrolls
 e - a scroll of magic mapping
 g - a scroll of poison {!r}
Potions
 d - 2 potions of haste {@q3}
 f - a potion of curing {@q1}
 h - a potion of attraction {unknown}
 j - 3 potions of heal wounds {@q2}
 l - a potion of magic {unknown}

Dungeon Overview and Level Annotations

Branches:
Dungeon (2/15)

▒.▒
▒.▒▒▒.▒.▒.▒▒▒...▒▒.▒▒▒▒▒▒
▒.▒ ▒.........▒ ▒▒▒▒▒▒.▒
▒.▒ ▒.▒▒▒...▒.▒ ▒.▒ ▒.▒
▒.......▒.▒ ▒+▒
▒.▒▒▒▒▒▒.▒▒▒▒.▒▒.▒
▒......▒.▒▒▒▒.▒▒.▒
▒†▒▒▒▒.▒.........▒
...▒▒▒.▒▒▒▒▒▒....▒▒▒▒
.....†....†.....pw..+
....▒▒.▒▒▒▒......▒......
▒.▒.▒▒.▒ ▒...▒.▒▒.▒.▒..
▒▒ ▒.▒.▒▒.▒ ▒...▒.▒ ▒ ▒
▒< ▒.▒.▒▒.▒ ▒.....▒
...).S.. ▒......▒ ▒▒.▒▒▒▒
▒.▒.▒.▒. ▒▒▒ ▒▒▒▒ ▒.▒
..... ▒.▒ ▒.▒ ▒. .▒ ▒▒ ▒▒


You could see a worm.


Message History

The sling bullet hits the worm!
The worm is heavily wounded.
You shoot a sling bullet.
The sling bullet hits the worm but does no damage.
The worm is heavily wounded.
You shoot a sling bullet. The sling bullet hits the worm.
The worm is heavily wounded.
The worm bites you!
You shoot a sling bullet. The sling bullet hits the worm.
The worm is heavily wounded.
The worm closely misses you.
You shoot a sling bullet. The sling bullet hits the worm.
The worm is heavily wounded.
The worm bites you!
* * * LOW HITPOINT WARNING * * *
You shoot a sling bullet.
The sling bullet hits the worm but does no damage.
The worm is heavily wounded.
You shoot a sling bullet. The sling bullet hits the worm.
The worm is heavily wounded.
The worm closely misses you.
You shoot a sling bullet.
The sling bullet hits the worm but does no damage.
The worm is heavily wounded.
The worm bites you!
You die...

Action                   || total
-------------------------++-------
 Fire: Sling             ||   124
  Use: Scroll            ||     5
Armor: Robe              ||    18
Dodge: Dodged            ||    41

Levels and vault maps discovered:
D:1:      tarquinn_simple_flora_water_b, layout_loops_ring,
          basic_ecumenical_altar, wander_ebering_terrifying_dragon_lair
D:2:      layout_loops_corners, st_stairs_13, minmay_worlds_worst_comb,
          uniq_natasha

Notes
Turn   | Place    | Note
-------+----------+-------------------------------------------
     0 | D:1      | sanka the Demigod Arcane Marksman began the quest for the
                  | Orb.
     0 | D:1      | Reached XP level 1. HP: 15/15 MP: 4/4
    37 | D:1      | Reached skill level 2 in Ranged Weapons
    43 | D:1      | Reached skill level 1 in Fighting
   627 | D:1      | Reached XP level 2. HP: 24/24 MP: 5/5
   766 | D:1      | Reached skill level 2 in Fighting
   789 | D:1      | Reached skill level 2 in Dodging
  1516 | D:2      | Reached XP level 3. HP: 25/29 MP: 6/6
  1639 | D:2      | Slain by a worm

Vanquished Creatures
  4 ball pythons (D:1)
  An endoplasm (D:1)
  5 giant cockroaches
  5 goblins
  3 kobolds (D:1)
  2 quokkas
  2 bats
  4 frilled lizards
  5 rats (D:1)
31 creatures vanquished.
